 Dungeon Crawl Stone Soup version 0.30-a0-728-gc68057be0a (webtiles) character file.

Game seed: 12429295002391551643

956 billz999 the Firebug (level 7, -6/67 (75) HPs)
             Began as a Demigod Air Elementalist on Jan 30, 2023.
             Killed by miscasting Sticky Flame (13 damage)
             ... on level 5 of the Dungeon on Feb 1, 2023.
             The game lasted 00:12:29 (4055 turns).

billz999 the Firebug (Demigod Air Elementalist)     Turns: 4055, Time: 00:12:30

HP:   -6/67 (75)    AC: 23    Str:  9    XL:     7   Next: 59%
MP:   6/14          EV:  2    Int: 25    God:
Gold: 194           SH:  5    Dex: 14    Spells: 4/11 levels left

rFire   . . .      SeeInvis .    i - +1 sling (heavy)
rCold   . . .      Faith    .    l - +0 buckler
rNeg    . . .      Spirit   .    (body armour currently unavailable)
rPois   +          Reflect  .    (helmet currently unavailable)
rElec   .          Harm     .    (cloak currently unavailable)
rCorr   .          Rampage  .    (gloves currently unavailable)
Will    .....      NoTele   +    (boots currently unavailable)
Stlth   ++                       (no amulet)
HPRegen 0.31/turn                c - +4 ring of slaying
MPRegen 0.14/turn                (no ring)

@: tree-form, very slightly contaminated, heavily drained
A: stationary, stasis, torment immunity, boosted hp, high MP 1, forlorn, divine
attributes
a: no special abilities


You were on level 5 of the Dungeon.
You were a tree.
You visited 1 branch of the dungeon, and saw 5 of its levels.

You collected 194 gold pieces.

Inventory:

Hand Weapons
 e - a +0 dagger
 i - a +1 heavy sling (weapon)
 z - a +1 dagger of flaming
Missiles
 B - 4 poisoned darts
Armour
 a - a +0 robe (melded)
 l - a +0 buckler (worn)
 t - a +2 pair of gloves (melded)
 A - a +0 helmet (melded)
 E - a +0 cloak (melded)
Magical Staves
 u - a staff of conjuration
Jewellery
 c - a +4 ring of slaying (left branch)
Wands
 x - a wand of polymorph (8)
 y - a wand of digging (7)
Scrolls
 d - 4 scrolls of fear {unknown}
 f - a scroll of enchant armour {unknown}
 h - a scroll of immolation {unknown}
 j - a scroll of blinking {unknown}
 m - a scroll of teleportation {unknown}
 n - 2 scrolls of silence {unknown}
 v - 3 scrolls of identify {unknown}
 w - a scroll of poison {unknown}
 C - a scroll of brand weapon {unknown}
 D - a scroll of vulnerability {unknown}
 F - 2 scrolls of butterflies {unknown}
Potions
 b - a potion of magic
 g - a potion of lignification
 k - 2 potions of haste {unknown}
 o - a potion of attraction {unknown}
 p - 2 potions of brilliance {unknown}
 q - 3 potions of heal wounds {unknown}
 r - 3 potions of curing {unknown}
 s - a potion of flight {unknown}


   Skills:
 + Level 2.9 Ranged Weapons
 - Level 1.7 Dodging
 - Level 1.7 Stealth
 - Level 4.0 Shields
 - Level 2.7 Spellcasting
 - Level 2.3 Conjurations
 * Level 5.0 Fire Magic
 - Level 3.1 Air Magic


You had 4 spell levels left.
You knew the following spells:

 Your Spells              Type           Power      Damage    Failure   Level
a - Shock                 Conj/Air       68%        1d7       4%          1
b - Static Discharge      Conj/Air       34%        2-4/arc   6%          2
c - Sticky Flame          Conj/Fire      21%        2d4       28%         4

Your spell library contained the following spells:

 Spells                   Type           Power      Damage    Failure   Level
 Swiftness                Air            18%        N/A       11%         3
 Necrotise                Necr           12%        1d4       13%         1
 Ignite Poison            Fire/Tmut/Pois 11%        N/A       21%         3
 Vampiric Draining        Necr           3%         2d6       36%         3
 Airstrike                Air            9%         2d(2-18)  36%         4
 Agony                    Necr           3%         N/A       98%         5
 Ignition                 Fire           14%        3d6       100%        8


Dungeon Overview and Level Annotations

Branches:
Dungeon (5/15)
 Temple: D:4-7

Shops:
D:2 *


Innate Abilities, Weirdness & Mutations

You are a tree.
Your roots penetrate the ground, keeping you stationary.
You cannot be teleported.
You are immune to unholy pain and torment.
Your maximum health is greatly increased.
Your equipment is partially melded.
You have an increased reservoir of magic. (+10% MP)
You shall have no god before yourself.
Your divine heritage dramatically boosts your attributes as you level up.


Message History

Your magical contamination has completely faded away.
The wight attacks as you move away!
The wight hits you with a +0 great sword.
Aiming: Polymorph
Press: ? - help, Shift-Dir - straight line, f - you, p - wight That beam is likely to hit you.
Continue anyway?
Okay, then.
You shoot a sling bullet. The sling bullet hits the wight.
The wight is moderately damaged.
The wight hits you with a +0 great sword!
You feel drained. The wight barely misses you.
The wight attacks as you move away!
The wight hits you with a +0 great sword.
* * * LOW HITPOINT WARNING * * *
You feel drained.
* * * LOW HITPOINT WARNING * * *
It was a potion of lignification.
You turn into a tree.
Your +0 cloak melds into your body.
Your +0 helmet melds into your body.
Your +2 pair of gloves melds into your body.
Your +0 robe melds into your body.
Your roots penetrate the ground.
You block the wight's attack. Magic courses through your body.
You block the wight's attack.
Casting: Sticky Flame (dangerous; 28% risk of failure)
Confirm with . or Enter, or press ? or * to list all spells.
Aiming: Sticky Flame (dangerous; 28% risk of failure)
Press: ? - help, Shift-Dir - straight line, f/p - wight
Aim: a wight, wielding a +0 great sword and wearing a +0 robe (moderately damaged)
You miscast Sticky Flame.
You are very lightly contaminated with residual magic.
Energy rips through your body!
* * * LOW HITPOINT WARNING * * *
The wight hits you but does no damage.
Unknown command.
Casting: Sticky Flame (dangerous; 28% risk of failure)
Confirm with . or Enter, or press ? or * to list all spells.
Aiming: Sticky Flame (dangerous; 28% risk of failure)
Press: ? - help, Shift-Dir - straight line, f/p - wight
Aim: a wight, wielding a +0 great sword and wearing a +0 robe (moderately damaged)
You miscast Sticky Flame.
Flames sear your flesh!
You die...

##.#.......###.....(........#
#.#.......##(......♣.....♣.##
#.#.......#...........<......
#....####.........#.......###
###..# #.........##.....## #
#..####..........########
#....#..................###
#..........................
#....^....♣z...............
#.................##..###..
#........#.......###.## ##.
#>.......#####...###### #.
#.......## ##.......# ##
#.......# #.....#.#####
####..#########.###...#....
##..............####.......
##..#..............÷.....#.#


You could see a wight.

Vanquished Creatures
  Grinder (D:4)
  A sky beast (D:4)
  A phantom (D:5)
  A necrophage (D:5)
  A scorpion (D:4)
  3 wights (D:5)
  2 hounds (D:5)
  2 jellies
  2 iguanas
  7 adders
  A worm (D:2)
  2 dart slugs
  9 orcs
  4 bats
  8 endoplasms
  8 giant cockroaches
  6 goblins
  7 hobgoblins
  7 jackals
  4 kobolds
  A quokka (D:3)
  6 ball pythons
  3 frilled lizards
  5 rats (D:2)
92 creatures vanquished.

Notes
Turn   | Place    | Note
-------+----------+-------------------------------------------
     0 | D:1      | billz999 the Demigod Air Elementalist began the quest for
                  | the Orb.
     0 | D:1      | Reached XP level 1. HP: 14/14 MP: 5/5
    46 | D:1      | Reached skill level 1 in Conjurations
   331 | D:1      | Reached XP level 2. HP: 20/20 MP: 0/7
   412 | D:1      | You fall into a shaft and drop 1 floor!
   416 | D:2      | Learned a level 2 spell: Static Discharge
   813 | D:2      | Reached XP level 3. HP: 23/26 MP: 3/8
  1266 | D:2      | Identified the +1 pair of boots of Goewucw {rPois Int+3}
  1330 | D:2      | Found Datexzek's General Store.
  1983 | D:3      | Reached skill level 1 in Shields
  1983 | D:3      | Reached XP level 4. HP: 33/33 MP: 8/10
  2538 | D:4      | Reached XP level 5. HP: 27/38 MP: 7/11
  2733 | D:4      | Noticed a sky beast
  2740 | D:4      | Killed a sky beast
  2751 | D:4      | Learned a level 4 spell: Sticky Flame
  2868 | D:4      | Noticed Grinder
  2880 | D:4      | Paralysed by Grinder for 4 turns
  2885 | D:4      | Killed Grinder
  2886 | D:4      | Reached skill level 3 in Fire Magic
  2886 | D:4      | Reached XP level 6. HP: 10/45 MP: 3/13
  3353 | D:4      | Upgraded the game from 0.30-a0-726-gd89dcf765f to
                  | 0.30-a0-728-gc68057be0a
  3356 | D:5      | Entered Level 5 of the Dungeon
  3371 | D:5      | Reached skill level 1 in Ranged Weapons
  3496 | D:5      | Reached XP level 7. HP: 29/50 MP: 9/14
  3652 | D:5      | Reached skill level 4 in Fire Magic
  4031 | D:5      | Reached skill level 5 in Fire Magic
  4055 | D:5      | Killed by miscasting Sticky Flame

Illustrated notes

Levels and vault maps discovered:
D:1:      dpeg_arrival_more_subterranean_lakeside_camping, layout_rooms,
          hex_medium, minmay_misc_feat_roman
D:2:      layout_loops_corners, serial_shops, shop_fountains,
          corexii_hall_statues_l, moated_statue, grunt_ministairs_2, st_stairs_1
D:3:      layout_basic, dk_vineyard_3
D:4:      layout_rooms, kennysheep_mini_moat, gammafunk_temple_overflow_pools,
          uniq_grinder
D:5:      layout_rooms, nicolae_qazlal_general_emergency,
          minmay_temple_entry_from_below_b, minmay_misc_feat_secret_circle,
          grunt_ministairs_10, minmay_fountain_box, lightli_church_of_beogh,
          uniq_blork_the_orc, uniq_sigmund

Skill      XL: |  1  2  3  4  5  6  7 |
---------------+----------------------+-----
Conjurations   | 2 |  2.3
Spellcasting   | 2 |  2.7
Air Magic      | 3 |  3.1
Shields        | 1 3 4 |  4.0
Fire Magic     | 3 5 |  5.0
Ranged Weapons | 1 2 |  2.9
Dodging        | |  1.7
Stealth        | |  1.7

Action                     |  1- 3 |  4- 6 |  7- 9 || total
---------------------------+-------+-------+-------++-------
  Melee: Dagger            |     1 |       |       ||     1
         Unarmed           |       |     3 |       ||     3
   Fire: Sling             |    37 |    60 |    19 ||   116
   Cast: Shock             |    52 |    20 |     9 ||    81
         Static Discharge  |     3 |    12 |     7 ||    22
         Sticky Flame      |       |       |     3 ||     3
  Evoke: Wand              |       |     1 |       ||     1
    Use: Scroll            |     1 |       |       ||     1
         Potion            |       |       |     2 ||     2
 Armour: Robe              |     5 |    12 |     3 ||    20
         Skin              |       |     1 |     1 ||     2
  Dodge: Dodged            |    13 |    25 |    20 ||    58
  Block: Buckler           |       |       |     4 ||     4

Table legend: (Time is in decaauts)
 A = Elapsed time spent in this place.
 B = Non-inter-level travel time spent in this place.
 C = Inter-level travel time spent in this place.
 D = Time resting spent in this place.
 E = Time spent auto-exploring this place.
 F = Levels seen in this place.
 G = Mean time per level.
                   A        B        C        D        E       F      G
               +--------+--------+--------+--------+--------+-----+--------+
         Total |   4174 |   3953 |    221 |    124 |   3227 |   5 |  834.8 |
       Dungeon |   4174 |   3953 |    221 |    124 |   3227 |   5 |  834.8 |
               +--------+--------+--------+--------+--------+-----+--------+

Top non-repeatable levels by time:
     D:2: 1390 daAuts
     D:4: 869 daAuts
     D:3: 778 daAuts
     D:5: 724 daAuts
     D:1: 412 daAuts
